 Dungeon Crawl Stone Soup version 0.21.1-1-g345015fe64 (webtiles) character file.

875 KleinerIrrer the Cleaver (level 8, 0/60 HPs)
             Began as a Formicid Fighter on Apr 4, 2018.
             Slain by Neles's ghost (3 damage)
             ... on level 5 of the Dungeon.
             The game lasted 00:00:59 (3858 turns).

KleinerIrrer the Cleaver (Formicid Fighter)         Turns: 3858, Time: 00:00:59

Health: 0/60       AC: 12    Str: 25    XL:     8   Next: 24%
Magic:  8/8        EV:  9    Int:  8    God:
Gold:   168        SH: 14    Dex: 10    Spells: 7/7 levels left

rFire    . . .     SeeInvis +   Y - +2 war axe
rCold    . . .     Gourm    .   c - +0 shield
rNeg     . . .     Faith    .   b - +0 scale mail
rPois    +         Spirit   .   (helmet unavailable)
rElec    .         Reflect  .   (no cloak)
rCorr    .         Harm     .   h - +2 pair of gloves
MR       +....                  (no boots)
Stlth    ..........             (no amulet)
HPRegen  0.20/turn              (no ring)
MPRegen  0.11/turn              (no ring)

@: no status effects
A: permanent stasis, dig shafts and tunnels, four strong arms, antennae 3, icy
blue scales 1, large bone plates 1, magic resistance 1, poison resistance,
strong 1, wild magic 1, evolution 1
a: Dig, Shaft Self


You were on level 5 of the Dungeon.
You were not hungry.

You visited 1 branch of the dungeon, and saw 5 of its levels.

You collected 168 gold pieces.


Innate Abilities, Weirdness & Mutations

You cannot be hasted, slowed, berserked, paralysed or teleported.
You can dig through walls and to a lower floor.
Your four strong arms can wield two-handed weapons with a shield.
You have a pair of large antennae on your head. (SInv)
You are partially covered in icy blue scales. (AC +2)
You are partially covered in large bone plates. (SH +4)
You are resistant to hostile enchantments. (MR+)
Your system is resistant to poisons. (rPois)
Your muscles are strong. (Str +2)
Your spells are a little harder to cast, but a little more powerful.
You evolve.


   Skills:
 + Level 4.1 Fighting
 - Level 8.1 Axes
 - Level 3.2 Armour
 - Level 1.0 Dodging
 - Level 5.0 Shields


You had 7 spell levels left.
You didn't know any spells.

Inventory:

Hand Weapons
 o - a +0 flail
 Y - a +2 war axe (weapon)
Armour
 b - a +0 scale mail (worn)
 c - a +0 shield (worn)
 h - a +2 pair of gloves (worn)
Wands
 j - a wand of random effects (30)
 m - a wand of digging (10)
Scrolls
 k - 3 scrolls of remove curse
 l - 5 scrolls of identify
Potions
 d - a potion of might
 f - 3 potions of curing
 g - a potion of mutation
 n - a potion of haste
Comestibles
 e - 6 rations
 i - 14 chunks of flesh

Dungeon Overview and Level Annotations

Branches:
Dungeon (5/15)
 Temple: D:4-7

Altars:
Ashenzari
Dithmenos
Makhleb
Nemelex Xobeh
Qazlal
Wu Jian
Yredelemnul
The Shining One

Annotations:
D:3 1 runed door
D:5 Neles's ghost, novice TrMo


Message History

You slash Neles's ghost!
Neles's ghost is severely damaged.
Neles's ghost hits you but does no damage.
You slash Neles's ghost!
Neles's ghost is almost destroyed.
Neles's ghost hits you but does no damage.
Neles's ghost closely misses you.
You barely miss Neles's ghost.
Neles's ghost is almost destroyed.
Neles's ghost closely misses you.
You hit Neles's ghost.
Neles's ghost is almost destroyed.
Neles's ghost hits you!
You hit Neles's ghost.
Neles's ghost is almost destroyed.
You block Neles's ghost's attack.
You barely miss Neles's ghost.
Neles's ghost is almost destroyed.
Neles's ghost hits you.
You die...

######+################'#.....###
..........).........#...#.....#..
....................#...#.....#..
....................#...#.....#..
....................#...#.....#).
....................#...#.....'.)
....................#...+.....#'#
..)............W....#...#........
####...##. #@..##...#........ #
#### ##...##...###+##... #
#..............#... +
#..............#... #
#########......#... # #
####..##... .8#####..#....
..###....'.... .._#.....#....


You could see Neles's ghost.

Vanquished Creatures
  Grinder (D:5)
  Sigmund (D:2)
  A phantom (D:5)
  A howler monkey (D:4)
  A human zombie (D:3)
  An orc wizard (D:4)
  Jessica (D:2)
  4 worker ants
  An iguana (D:4)
  Robin (D:2)
  3 gnolls (D:5)
  7 adders
  3 dart slugs
  A worm (D:3)
  6 orcs (D:4)
  5 giant cockroaches
  13 goblins
  15 hobgoblins
  4 jackals (D:2)
  4 kobolds
  A quokka (D:3)
  A ball python (D:2)
  4 bats
  3 frilled lizards
  7 rats
90 creatures vanquished.

Notes
Turn   | Place    | Note
-------+----------+-------------------------------------------
     0 | D:1      | KleinerIrrer the Formicid Fighter began the quest for the Orb.
     0 | D:1      | Reached XP level 1. HP: 18/18 MP: 1/1
     0 | D:1      | 0 ||| counter = 9
   145 | D:1      | Reached XP level 2. HP: 24/24 MP: 2/2
   404 | D:1      | Reached skill level 3 in Axes
   729 | D:1      | Reached XP level 3. HP: 27/29 MP: 3/3
   925 | D:1      | 925 ||| READING scroll labeled HOPEZX DUWUO.
   926 | D:1      | 926 ||| READING scroll labeled AMMOTE DIDEO.
   927 | D:1      | 927 ||| READING scroll labeled JILU JEEQINUO.
   928 | D:1      | 928 ||| READING 3 scrolls labeled MAZARINUM.
   929 | D:1      | 929 ||| READING scroll labeled OCHOEM PADYU.
   930 | D:1      | 930 ||| READING scroll labeled ZAOCO HONAZEODD.
   931 | D:1      | 931 ||| DRINKING 2 bubbling coppery potions.
   932 | D:1      | 932 ||| DRINKING 2 murky sapphire potions.
   932 | D:1      | Gained mutation: You occasionally shout uncontrollably at your foes. [potion of mutation]
   932 | D:1      | Gained mutation: You are frail. (-10% HP) [potion of mutation]
   932 | D:1      | Gained mutation: You are resistant to hostile enchantments. (MR+) [potion of mutation]
   932 | D:1      | Gained mutation: Your spells are a little harder to cast, but a little more powerful. [potion of mutation]
   933 | D:1      | 933 ||| DRINKING potion of mutation.
   933 | D:1      | Lost mutation: You are frail. (-10% HP) [potion of mutation]
   933 | D:1      | Lost mutation: You occasionally shout uncontrollably at your foes. [potion of mutation]
   933 | D:1      | Gained mutation: You have sharp toenails. [potion of mutation]
   933 | D:1      | Gained mutation: You evolve. [potion of mutation]
   933 | D:1      | Lost mutation: You have sharp toenails. [potion of mutation]
   933 | D:1      | Gained mutation: You are partially covered in icy blue scales. (AC +2) [potion of mutation]
   966 | D:1      | 966 ||| READING 2 scrolls of identify.
   966 | D:1      | 966 ||| IDENTIFYING golden potion
   967 | D:1      | 967 ||| DROPPING potion of brilliance.
   968 | D:1      | 968 ||| DROPPING potion of flight.
  1011 | D:2      | 1011 ||| DROPPING club.
  1026 | D:2      | Gained mutation: Your system is resistant to poisons. (rPois) [evolution]
  1235 | D:2      | Noticed Sigmund
  1245 | D:2      | Killed Sigmund
  1245 | D:2      | Reached skill level 5 in Axes
  1245 | D:2      | Reached XP level 4. HP: 22/35 MP: 4/4
  1245 | D:2      | Reached XP level 5. HP: 26/41 MP: 5/5
  1416 | D:2      | Reached XP level 6. HP: 46/47 MP: 6/6
  1547 | D:2      | 1547 ||| UPGRADING to whip.
  1548 | D:2      | 1548 ||| SWAPPING to +1 war axe.
  1739 | D:2      | Noticed Robin
  1741 | D:2      | Reached skill level 1 in Dodging
  1752 | D:2      | Killed Robin
  1821 | D:2      | 1821 ||| EATING 4 rations.
  1857 | D:2      | Noticed Jessica
  1861 | D:2      | Killed Jessica
  2188 | D:2      | Reached skill level 6 in Axes
  2215 | D:2      | 2215 ||| UPGRADING to pair of gloves.
  2220 | D:2      | 2220 ||| READING scroll of enchant armour.
  2220 | D:2      | 2220 ||| ENCHANTING +0 pair of gloves.
  2221 | D:2      | 2221 ||| UPGRADING to glowing coral ring.
  2222 | D:2      | 2222 ||| REMOVING ring of flight.
  2223 | D:2      | 2223 ||| DROPPING ring of flight.
  2224 | D:2      | 2224 ||| READING 2 scrolls labeled UHOLAATIOTE.
  2225 | D:2      | 2225 ||| READING 2 scrolls of identify.
  2225 | D:2      | 2225 ||| IDENTIFYING dark potion
  2226 | D:2      | 2226 ||| DROPPING scroll of blinking.
  2320 | D:3      | Gained mutation: You are partially covered in large bone plates. (SH +4) [evolution]
  2466 | D:3      | Found a runed door.
  2491 | D:3      | 2491 ||| STAIRDANCE
  2524 | D:3      | 2524 ||| STAIRDANCE
  2565 | D:3      | 2565 ||| STAIRDANCE
  2615 | D:3      | Noticed a human
  2618 | D:3      | Found a basalt altar of Yredelemnul.
  2792 | D:3      | 2792 ||| READING scroll of enchant armour.
  2792 | D:3      | 2792 ||| ENCHANTING +1 pair of gloves.
  3010 | D:3      | 3010 ||| READING 3 scrolls labeled ACSEZI ALOA.
  3011 | D:3      | 3011 ||| DRINKING 2 bubbling yellow potions.
  3012 | D:3      | 3012 ||| DROPPING 2 scrolls of random uselessness.
  3099 | D:4      | Reached XP level 7. HP: 54/54 MP: 7/7
  3143 | D:4      | Found an ornate altar of the Wu Jian Council.
  3283 | D:4      | Found a glowing golden altar of the Shining One.
  3410 | D:4      | Reached skill level 7 in Axes
  3547 | D:4      | 3547 ||| READING 5 scrolls of identify.
  3547 | D:4      | 3547 ||| IDENTIFYING yellow potion
  3548 | D:4      | 3548 ||| DROPPING potion of agility.
  3582 | D:5      | Entered Level 5 of the Dungeon
  3651 | D:5      | Found a basalt altar of Yredelemnul.
  3651 | D:5      | Found a shattered altar of Ashenzari.
  3653 | D:5      | Found a sparkling altar of Nemelex Xobeh.
  3660 | D:5      | Found a burning altar of Makhleb.
  3661 | D:5      | Found a shadowy altar of Dithmenos.
  3679 | D:5      | 3679 ||| READING scroll of enchant weapon.
  3679 | D:5      | 3679 ||| ENCHANTING +1 war axe.
  3746 | D:5      | Gained mutation: Your muscles are strong. (Str +2) [evolution]
  3756 | D:5      | 3756 ||| DROPPING +0 whip.
  3757 | D:5      | 3757 ||| UPGRADING to flail.
  3758 | D:5      | 3758 ||| SWAPPING to +2 war axe.
  3794 | D:5      | Found a stormy altar of Qazlal.
  3813 | D:5      | Noticed Grinder
  3834 | D:5      | Noticed Neles's ghost (novice TrMo)
  3845 | D:5      | Killed Grinder
  3845 | D:5      | Reached skill level 8 in Axes
  3845 | D:5      | Reached XP level 8. HP: 21/60 MP: 8/8
  3856 | D:5      | HP: 3/60 [Neles's ghost (15)]
  3858 | D:5      | Slain by Neles's ghost

Vault maps used:
D:1:      roderic_chinese_lattice_arrival, minmay_misc_feat_tower,
          serial_bayou_crossing
D:2:      cheibrodos_greedy_goblins, uniq_robin, uniq_jessica, uniq_sigmund
D:3:      first_ration, dk_yredelemnul_ordeal
D:4:      lemuel_doored_altar, tso_oasis_becter
D:5:      nicolae_overflow_hidden_temple, grunt_temple_overflow_open,
          uniq_grinder

Skill      XL: |  1  2  3  4  5  6  7 |
---------------+----------------------+-----
Axes           | 3 5 6 8 |  8.1
Dodging        | 1 |  1.0
Shields        | 4 5 |  5.0
Fighting       | 4 |  4.1
Armour         | |  3.2

Action                   |  1- 3 |  4- 6 |  7- 9 || total
-------------------------+-------+-------+-------++-------
Melee: War axe           |    76 |   113 |   110 ||   299
Throw: Tomahawk          |       |       |     2 ||     2
  Use: Scroll            |     7 |     5 |     2 ||    14
       Potion            |     3 |     1 |       ||     4
  Eat: Chunk             |     1 |     2 |     3 ||     6
       Ration            |       |     1 |       ||     1
Armor: Scale mail        |    25 |    36 |    29 ||    90
Dodge: Dodged            |    23 |    36 |    27 ||    86
Block: Shield            |    36 |    65 |    66 ||   167

Table legend:
 A = Spawn XP
 B = Non-spawn XP
 C = Spawn XP percentage of total XP
 D = Spawn monster count
 E = Non-spawn monster count
 F = Spawn count percentage of total count
 G = Total turns spent on level
                    A         B        C        D         E        F      G
               +---------+---------+-------+---------+---------+-------+---------
         Total |       0 |    1250 |   0.0 |       0 |      90 |   0.0 |  3858
               +---------+---------+-------+---------+---------+-------+---------
           D:1 |       0 |      30 |   0.0 |       0 |      17 |   0.0 |   989
           D:2 |       0 |     343 |   0.0 |       0 |      35 |   0.0 |  1377
           D:3 |       0 |     107 |   0.0 |       0 |      12 |   0.0 |   690
           D:4 |       0 |     270 |   0.0 |       0 |      17 |   0.0 |   526
           D:5 |       0 |     500 |   0.0 |       0 |       9 |   0.0 |   276
               +---------+---------+-------+---------+---------+-------+---------
